 Dungeon Crawl Stone Soup version 0.23.2-33-g5129a83184 (webtiles) character file.

Game seed: 6149214235307857834

49 DildoBatman the Magician (level 4, 0/30 HPs)
             Began as a Formicid Wizard on July 9, 2019.
             Slain by a rat (1 damage)
             ... on level 2 of the Dungeon.
             The game lasted 00:04:16 (1618 turns).

DildoBatman the Magician (Formicid Wizard)          Turns: 1618, Time: 00:04:17

Health: 0/30       AC:  2    Str: 12    XL:     4   Next: 1%
Magic:  8/8        EV: 12    Int: 18    God:
Gold:   62         SH:  0    Dex:  9    Spells: 2/9 levels left

rFire    . . .     SeeInvis +   a - +0 dagger
rCold    . . .     Gourm    .   (no shield)
rNeg     . . .     Faith    .   k - +0 robe
rPois    .         Spirit   .   (helmet unavailable)
rElec    .         Reflect  .   (no cloak)
rCorr    .         Harm     .   (no gloves)
MR       .....                  (no boots)
Stlth    ++........             (no amulet)
HPRegen  0.10/turn              o - ring of flight
MPRegen  0.11/turn              (no ring)

@: no status effects
A: permanent stasis, dig shafts and tunnels, four strong arms, antennae 3
a: Dig, Shaft Self, Evoke Flight


You were on level 2 of the Dungeon.
You were not hungry.

You visited 1 branch of the dungeon, and saw 2 of its levels.

You collected 62 gold pieces.

Inventory:

Hand Weapons
 a - a +0 dagger (weapon)
 b - a +0 short sword
Missiles
 e - 50 arrows
 j - 68 stones (quivered)
Armour
 k - a +0 robe (worn)
Jewellery
 o - a ring of flight (left hand)
Scrolls
 c - 4 scrolls of identify {unknown}
 f - a scroll of enchant weapon {unknown}
 g - a scroll of fear {unknown}
 h - a scroll of magic mapping {unknown}
 n - a scroll of noise {unknown}
Potions
 i - a potion of flight {unknown}
 l - a potion of heal wounds {unknown}
 m - a potion of degeneration {unknown}
Comestibles
 d - 2 chunks of flesh
 v - a ration


   Skills:
 - Level 1.7 Dodging
 - Level 2.4 Stealth
 - Level 3.2 Spellcasting
 * Level 3.2 Conjurations
   Level 1.0 Summonings
   Level 0.8 Translocations


You had 2 spell levels left.
You knew the following spells:

 Your Spells              Type           Power        Failure   Level  Hunger
a - Conjure Flame         Conj/Fire      #.......     24%         3    ###....
c - Magic Dart            Conj           ##..         4%          1    None
e - Mephitic Cloud        Conj/Pois/Air  #.......     30%         3    ###....

Your spell library contained the following spells:

 Spells                   Type           Power        Failure   Level  Hunger
 Call Imp                 Summ           #.......     16%         2    ##.....
 Slow                     Hex            #.......     24%         2    ##.....
 Blink                    Tloc           Unusable     N/A         2    N/A

Dungeon Overview and Level Annotations

Branches:
Dungeon (2/15)

Altars:


Innate Abilities, Weirdness & Mutations

You cannot be hasted, slowed, berserked, paralysed or teleported.
You can dig through walls and to a lower floor.
Your four strong arms can wield two-handed weapons with a shield.
You have a pair of large antennae on your head. (SInv)


Message History

You shout for attention!
The rat closely misses you. What are your orders? t - Shout!
Orders for allies: a - Attack new target. r - Retreat! s - Stop attacking. g - Guard the area. f - Follow me.
Anything else - Cancel.
You shout for attention!
The rat twitches its whiskers.
The rat barely misses you. What are your orders? t - Shout!
Orders for allies: a - Attack new target. r - Retreat! s - Stop attacking. g - Guard the area. f - Follow me.
Anything else - Cancel.
You shout for attention!
The rat bites you.
You die...

#...###########..........
## ###.#####. #.# #.#
###.# #...# #.### ### #.#
######@###.#
.......r....#
###########.# #.# #.# #..
#.# #.# .#


You could see a rat.

Vanquished Creatures
  2 adders (D:2)
  An ooze (D:1)
  2 leopard geckos
  3 goblins
  A hobgoblin (D:1)
  A ball python (D:1)
  9 bats
  3 frilled lizards
  4 kobolds
  3 rats (D:1)
29 creatures vanquished.

Notes
Turn   | Place    | Note
-------+----------+-------------------------------------------
     0 | D:1      | DildoBatman the Formicid Wizard began the quest for the
                  | Orb.
     0 | D:1      | Reached XP level 1. HP: 13/13 MP: 4/4
    57 | D:1      | Reached skill level 1 in Conjurations
   251 | D:1      | Reached XP level 2. HP: 19/19 MP: 3/6
   909 | D:1      | Reached XP level 3. HP: 24/24 MP: 3/7
   914 | D:1      | Learned a level 3 spell: Conjure Flame
   918 | D:1      | Learned a level 3 spell: Mephitic Cloud
  1502 | D:2      | Reached XP level 4. HP: 30/30 MP: 3/8
  1609 | D:2      | HP: 1/30 [rat (1)]
  1618 | D:2      | Slain by a rat

Skill      XL: |  1  2  3 |
---------------+----------+-----
Conjurations   | 1 2 3 |  3.2
Dodging        | |  1.7
Stealth        | |  2.4
Spellcasting   | |  3.2
Summonings     | |  1.0
Translocations | |  0.8

Action                   |  1- 3 |  4- 6 || total
-------------------------+-------+-------++-------
Melee: Unarmed           |     4 |       ||     4
       Dagger            |     6 |       ||     6
 Cast: Magic Dart        |    68 |     1 ||    69
 Abil: Dig               |       |     1 ||     1
  Eat: Chunk             |     2 |       ||     2
Armor: Robe              |     5 |    16 ||    21
Dodge: Dodged            |    27 |    58 ||    85
